[Event "Team 45 45 League T47"]
[Site "Internet Chess Club"]
[Date "2010.11.21"]
[Round "3"]
[White "Konstantinos"]
[Black "misuc56"]
[Result "0-1"]
[WhiteElo "1740"]
[BlackElo "1897"]
[Opening "QGD: 3.Nc3"]
[ECO "D31"]
[Time "15:00:15"]
[TimeControl "2700+45"]

1. d4 d5 2. c4 e6 3. Nc3 f5 4. e3 Nf6 5. Nf3 c6 6. cxd5 exd5 7. Be2 Bd6 8. O-O
O-O 9. Bd3 Qe7 10. Nd2 h6 11. Qe1 Ne4 12. f3 Nf6 13. e4 fxe4 14. fxe4 dxe4 15.
Ndxe4 Nxe4 16. Rxf8+ Qxf8 17. Qxe4 Qf6 18. Qh7+ Kf7 19. Be3 Ke7 20. Ne4 Bf5 21.
Nxf6 Bxh7 22. Nxh7 Nd7 23. Bg6 Nf6 24. Nxf6 Kxf6 25. Bd3 g5 26. Rf1+ Kg7 27. h3
a6 28. Kf2 b5 29. b3 Re8 30. Rc1 Rxe3 31. Rxc6 Rxd3 32. Rxd6 Rd2+ 33. Kf3 Rxa2
34. Rb6 Ra3 35. d5 Rxb3+ 36. Kg4 a5 37. Kf5 Rb2 38. Rb7+ Kf8 39. Kg6 a4 40. d6
Ke8 41. Kf6 a3 42. Ra7 a2 43. Ke6 Re2+ 44. Kf6 b4 {White resigns} 0-1

[Event "Team 45 45 League T47"]
[Site "Internet Chess Club"]
[Date "2010.11.21"]
[Round "3"]
[White "Mymas"]
[Black "krysto"]
[Result "1/2-1/2"]
[WhiteElo "1415"]
[BlackElo "1485"]
[Opening "French: Wing gambit"]
[ECO "C00"]
[Time "14:00:25"]
[TimeControl "2700+45"]

1. e4 e6 2. Nf3 d5 3. e5 c5 4. b4 b6 5. bxc5 bxc5 6. c3 c4 7. d4 cxd3 8. Bxd3
Bc5 9. O-O Ne7 10. Nbd2 O-O 11. Qc2 Ng6 12. Nb3 Bb6 13. Re1 Nd7 14. Ba3 Re8 15.
Bd6 Bc7 16. Bxc7 Qxc7 17. Bxg6 fxg6 18. Nbd4 a6 19. Re3 Nb6 20. Ng5 Nc4 21. Rh3
Qxe5 22. Nxh7 Qe4 23. Qxe4 dxe4 24. Ng5 e5 25. Nc2 Bxh3 26. gxh3 Rab8 27. Nxe4
Rb2 28. Nb4 a5 29. Nd3 Re2 30. Ndc5 Rc8 31. Kf1 Rc2 32. Ke1 Rb8 33. Nb3 a4 34.
Nbc5 Rbb2 35. Nxa4 Rxa2 36. Rxa2 Rxa2 37. Nac5 Ra1+ 38. Ke2 Rh1 39. Kd3 Nb6 40.
Ng5 Rxh2 41. Nce4 Nd7 42. c4 Nf6 43. c5 Nxe4 44. Kxe4 Rxf2 45. Kxe5 Re2+ 46. Ne4
Kf8 47. Kd5 Ke8 48. Nd6+ Kd7 49. c6+ Kc7 50. Nb5+ Kc8 51. Nd6+ Kd8 52. Nb5 g5
53. c7+ Kd7 54. Kc5 Re3 55. Kb6 Re6+ 56. Kb7 Rc6 57. Ka7 g4 58. hxg4 g5 59. Kb7
Rc5 60. Kb6 Rc4 61. Kb7 Ke6 62. c8=Q+ Rxc8 63. Kxc8 Ke5 64. Nc7 Kf4 65. Ne6+
Kxg4 66. Nxg5 {Game drawn because neither player has mating material} 1/2-1/2

[Event "Team 45 45 League T47"]
[Site "Internet Chess Club"]
[Date "2010.11.22"]
[Round "3"]
[White "Sandia"]
[Black "zigzag2002"]
[Result "0-1"]
[WhiteElo "1379"]
[BlackElo "1695"]
[Opening "Sicilian: Nimzovich-Rossolimo attack (with ...g6, without ...d6)"]
[ECO "B31"]
[Time "18:30:10"]
[TimeControl "2700+45"]

1. e4 c5 2. Nf3 Nc6 3. Bb5 g6 4. Nc3 Bg7 5. Bxc6 bxc6 6. e5 d6 7. exd6 exd6 8.
O-O Ne7 9. Re1 O-O 10. d3 Be6 11. Bg5 h6 12. Bh4 Rb8 13. Rb1 Rxb2 14. d4 Rxb1
15. Qxb1 cxd4 16. Ne4 Qc7 17. a3 Nd5 18. Bg3 Rd8 19. Rd1 Bf5 20. Nfd2 Bxe4 21.
Nxe4 f5 22. Bxd6 Qf7 23. Nc5 Nc3 24. Qb7 Nxd1 25. Qxc6 Bf8 26. Bxf8 Rxf8 27. Ne6
Re8 28. Nc7 Re1# {White checkmated} 0-1

[Event "Team 45 45 League T47"]
[Site "Internet Chess Club"]
[Date "2010.11.21"]
[Round "3"]
[White "papricka205"]
[Black "Elalfer"]
[Result "0-1"]
[WhiteElo "1300"]
[BlackElo "1345"]
[Opening "Sicilian defense"]
[ECO "B30"]
[Time "19:00:37"]
[TimeControl "2700+45"]

1. e4 c5 2. Nf3 Nc6 3. Bc4 e6 4. O-O d5 5. exd5 exd5 6. Re1+ Be6 7. Bf1 Nf6 8.
d4 c4 9. c3 Bd6 10. Bg5 h6 11. Bd2 O-O 12. b3 b5 13. a4 cxb3 14. Qxb3 bxa4 15.
Qxa4 Qc7 16. Bb5 Ne7 17. Na3 Ng6 18. c4 Bg4 19. c5 Bf4 20. Bxf4 Qxf4 21. Ne5
Nxe5 22. Rxe5 Ne4 23. f3 Nc3 24. Qb3 Qxd4+ 25. Kh1 Qxe5 26. fxg4 Rab8 27. Qb2
Rfe8 28. h3 a6 29. Rc1 Nxb5 30. Qxe5 Rxe5 31. Nxb5 axb5 32. c6 Rc8 33. c7 Re7
34. Rc5 Rexc7 35. Rxb5 Rc1+ 36. Kh2 Rd8 37. Rb2 d4 38. Rd2 d3 39. Kg3 Rc2 40.
Rd1 d2 41. Kf2 Rc1 42. Ke2 Rxd1 43. Kxd1 g5 44. g3 Kg7 45. h4 Kf6 46. h5 Ke5 47.
Ke2 d1=Q+ 48. Kf2 Ke4 49. Kg2 Rd2+ 50. Kh3 Qh1# {White checkmated} 0-1

[Event "Team 45 45 League T47"]
[Site "Internet Chess Club"]
[Date "2010.11.22"]
[Round "3"]
[White "Traho"]
[Black "joshq03"]
[Result "0-1"]
[WhiteElo "1273"]
[BlackElo "1356"]
[Opening "Ruy Lopez: old Steinitz defense"]
[ECO "C62"]
[Time "20:08:17"]
[TimeControl "2700+45"]

1. e4 e5 2. Nf3 Nc6 3. Bb5 d6 4. d4 exd4 5. Nxd4 Bd7 6. Nxc6 Bxc6 7. Bxc6+ bxc6
8. O-O Nf6 9. Re1 Be7 10. Nc3 Qd7 11. e5 dxe5 12. Qxd7+ Nxd7 13. f4 Bd6 14. fxe5
Bxe5 15. Bf4 f6 16. Rad1 O-O 17. Rxd7 Bxf4 18. Ree7 Bh6 19. Rxc7 Rae8 20. Rxa7
Rd8 21. Rad7 Rfe8 22. Rxd8 Rxd8 23. Re6 Rd2 24. Rxc6 Rxc2 25. Rc8+ Kf7 26. Rc7+
Kg6 27. Rb7 Be3+ 28. Kf1 Rf2+ 29. Ke1 Rxg2 30. Re7 Bd2+ 31. Kf1 Rxh2 32. Re2
Rh1+ 33. Kf2 Rh2+ 34. Kf1 Rh1+ 35. Kf2 Bxc3 36. bxc3 Rc1 37. Re3 Rc2+ 38. Re2
Rxc3 39. Rb2 Ra3 40. Ke2 h5 41. Kf1 Kg5 42. Rg2+ Kh6 43. Rf2 h4 44. Kg1 Ra6 45.
Kh2 g5 46. Kh3 Ra3+ 47. Kh2 Kg6 48. Kg2 f5 49. Rb2 f4 50. Rf2 Kf5 51. Rb2 g4 52.
Rb5+ Kg6 53. Rb6+ Kf5 54. Rb5+ Kg6 55. Rb6+ Kf5 56. Rb5+ Ke4 57. Rb4+ Kd3 58.
Rb3+ Rxb3 59. axb3 Kc3 60. b4 Kxb4 61. Kf2 Kc3 62. Ke2 Kd4 63. Kf2 Kd3 64. Ke1
Ke3 65. Kf1 Kf3 66. Kg1 Kg3 67. Kh1 f3 68. Kg1 f2+ 69. Kf1 h3 {White resigns}
0-1

[Event "Team 45 45 League T47"]
[Site "Internet Chess Club"]
[Date "2010.11.19"]
[Round "3"]
[White "badmove"]
[Black "crazyhorses"]
[Result "0-1"]
[WhiteElo "1713"]
[BlackElo "1543"]
[Opening "Queen's pawn game, Rubinstein (Colle-Zukertort) variation"]
[ECO "D05"]
[Time "15:00:12"]
[TimeControl "2700+45"]

1. d4 d5 2. Nf3 Nf6 3. e3 e6 4. Bd3 c5 5. b3 Nbd7 6. O-O Be7 7. Bb2 O-O 8. Nbd2
b6 9. Ne5 Nxe5 10. dxe5 Nd7 11. f4 f5 12. c4 Bb7 13. Qe2 Qe8 14. Rad1 Rd8 15.
cxd5 Bxd5 16. Bc4 Nb8 17. e4 fxe4 18. Nxe4 Qc6 19. Bd3 Qe8 20. Qg4 Qf7 21. Qh3
h6 22. Qg3 Bxe4 23. Bxe4 Rxd1 24. Rxd1 Qxf4 25. Qg6 Qf2+ {White resigns} 0-1

[Event "Team 45 45 League T47"]
[Site "Internet Chess Club"]
[Date "2010.11.23"]
[Round "3"]
[White "mongmong"]
[Black "Just-Jim"]
[Result "1-0"]
[WhiteElo "1531"]
[BlackElo "1386"]
[Opening "Queen's pawn game"]
[ECO "D02"]
[Time "19:05:20"]
[TimeControl "2700+45"]

1. d4 d5 2. Nf3 Bf5 3. e3 a6 4. Bd3 Bd7 5. Nbd2 Nf6 6. Qe2 e6 7. c3 Be7 8. O-O
h6 9. e4 c6 10. e5 Nh5 11. Nb3 g5 12. h3 O-O 13. Nh2 Ng7 14. f4 f6 15. exf6 Bxf6
16. Ng4 Be8 17. Nxf6+ Qxf6 18. fxg5 Qxf1+ 19. Qxf1 Rxf1+ 20. Kxf1 hxg5 21. Bxg5
Nd7 22. Bf4 Nf8 23. Re1 Bg6 24. Bxg6 Nxg6 25. Be5 Rf8+ 26. Kg1 Nxe5 27. Rxe5 b6
28. Nd2 Kh7 29. Nf3 Kg6 30. Re2 Nf5 31. Ne5+ Kg7 32. Nxc6 Ng3 33. Rf2 Rg8 34.
Ne5 Ne4 35. Rf7+ Kh8 36. Ng4 Ng5 37. Rf1 Ne4 38. Kh2 Ng5 39. Ne5 Rg7 40. h4 Rh7
41. g3 Rh5 42. Nf7+ Nxf7 43. Rxf7 Kg8 44. Rf2 Kg7 45. Kh3 Rf5 46. Rxf5 exf5 47.
Kg2 Kg6 48. Kf3 a5 49. Kf4 b5 50. a3 a4 51. g4 fxg4 52. Kxg4 Kh6 53. h5 Kg7 54.
Kg5 Kh7 55. h6 Kh8 56. Kf5 Kh7 57. Ke5 Kxh6 58. Kxd5 Kg6 59. Kc5 Kf6 60. Kxb5
Ke6 61. Kxa4 Kd5 62. Kb5 Kd6 63. Kb6 {Black resigns} 1-0

[Event "Team 45 45 League T47"]
[Site "Internet Chess Club"]
[Date "2010.11.19"]
[Round "3"]
[White "milesotoole"]
[Black "IanT"]
[Result "1-0"]
[WhiteElo "1452"]
[BlackElo "1461"]
[Opening "Scotch game"]
[ECO "C45"]
[Time "21:35:47"]
[TimeControl "2700+45"]

1. e4 e5 2. Nf3 Nc6 3. d4 exd4 4. Nxd4 Bc5 5. Nxc6 Qf6 6. Qd2 Qxc6 7. Nc3 d6 8.
Bb5 Qxb5 9. Nxb5 Bb6 10. Qc3 Kd7 11. Qxg7 c6 12. Qxh8 cxb5 13. Qxg8 Kc6 14. Qxf7
Bd7 15. Qd5+ Kc7 16. Be3 Bc6 17. Bxb6+ Kxb6 18. Qd4+ Kc7 19. O-O-O b6 20. Qxd6+
Kb7 21. f3 a5 22. Rhe1 Ka6 23. e5 Bb7 24. e6 Ra7 25. e7 Ra8 26. e8=Q Ra7 27.
Qee6 Ba8 28. Qxb6# {Black checkmated} 1-0

[Event "Team 45 45 League T47"]
[Site "Internet Chess Club"]
[Date "2010.11.21"]
[Round "3"]
[White "seattleblues"]
[Black "Toalla"]
[Result "1-0"]
[WhiteElo "1325"]
[BlackElo "1178"]
[Opening "Sicilian defense"]
[ECO "B30"]
[Time "09:00:40"]
[TimeControl "2700+45"]

1. e4 c5 2. Nf3 Nc6 3. c3 d6 4. d4 cxd4 5. cxd4 e6 6. Nc3 a6 7. a4 Nf6 8. Be2
Be7 9. O-O h6 10. Be3 O-O 11. e5 dxe5 12. dxe5 Qxd1 13. Raxd1 Nd7 14. Bf4 Bd8
15. Ne4 Bc7 16. Nd6 Ndxe5 17. Nxe5 Bxd6 18. Rxd6 Nxe5 19. Bxe5 f6 20. Bc3 e5 21.
h3 Bf5 22. Ba5 Rfc8 23. Bd3 Bxd3 24. Rxd3 Rc2 25. b3 Rac8 26. Rd7 Rb8 27. Rb1 b6
28. Bb4 Rbc8 29. Ba3 e4 30. Re7 f5 31. Re6 R2c6 32. Rxc6 Rxc6 33. Bc1 b5 34.
axb5 axb5 35. Be3 Kf7 36. Rc1 Rxc1+ 37. Bxc1 Ke6 38. Kf1 Kd5 39. Ke2 h5 40. Kd2
g6 41. Kc3 Kc6 42. Kd4 Kd6 43. b4 Kc6 44. Bd2 Kd6 45. Bc3 Kc6 46. Ke5 Kd7 47.
Kf6 Ke8 48. Kxg6 Ke7 49. Kxf5 Kf7 50. Kxe4 {Black resigns} 1-0

[Event "Team 45 45 League T47"]
[Site "Internet Chess Club"]
[Date "2010.11.18"]
[Round "3"]
[White "misuc56"]
[Black "Buford-Julep"]
[Result "1-0"]
[WhiteElo "1877"]
[BlackElo "1638"]
[Opening "Dutch defense"]
[ECO "A40"]
[Time "12:00:26"]
[TimeControl "2700+45"]

1. d4 e6 2. c4 f5 3. e3 Nf6 4. Nf3 b6 5. Nc3 Bb4 6. h3 Bb7 7. Be2 O-O 8. Bd2 d6
9. O-O Qe8 10. Rc1 a5 11. a3 Bxc3 12. Bxc3 Nbd7 13. Nh2 Ne4 14. Bf3 Ndf6 15. Be1
Rd8 16. Bxe4 Nxe4 17. f3 Ng5 18. Bh4 Qg6 19. Bxg5 Qxg5 20. Qe2 e5 21. d5 Bc8 22.
f4 Qg6 23. Kh1 Rde8 24. Qf2 e4 25. b4 Ba6 26. Rg1 Qf7 27. Qd2 Rd8 28. bxa5 bxa5
29. Qxa5 Ra8 30. Qc3 Rfb8 31. g4 g6 32. gxf5 Qxf5 33. Ng4 Qf8 34. Nf6+ Kf7 35.
Nxh7 Qg8 36. Qf6+ Ke8 37. Rxg6 Qxh7 38. Qe6+ Kf8 39. Rf6+ {Black resigns} 1-0

[Event "Team 45 45 League T47"]
[Site "Internet Chess Club"]
[Date "2010.11.24"]
[Round "3"]
[White "LPH-9"]
[Black "Packerfan"]
[Result "0-1"]
[WhiteElo "1391"]
[BlackElo "1691"]
[Opening "Four knights: Italian variation"]
[ECO "C47"]
[Time "10:30:18"]
[TimeControl "2700+45"]

1. e4 e5 2. Nf3 Nc6 3. Nc3 Nf6 4. Bc4 Nxe4 5. O-O Nxc3 6. dxc3 Be7 7. Re1 d6 8.
Be3 O-O 9. Qd2 Be6 10. Bd3 Qd7 11. Bg5 Bxg5 12. Nxg5 h6 13. Nxe6 fxe6 14. Re4 d5
15. Rg4 e4 16. Bxe4 Ne5 17. Rh4 dxe4 18. Qxd7 Nxd7 19. Rxe4 Rf6 20. Rae1 e5 21.
h3 Raf8 22. f3 Rd6 23. f4 Rxf4 24. R4e3 Rd2 25. c4 Rff2 26. Rg3 Rxc2 27. b3 Rxa2
28. c5 Rfc2 29. Rd3 Rxg2+ 30. Kf1 Raf2# {White checkmated} 0-1

[Event "Team 45 45 League T47"]
[Site "Internet Chess Club"]
[Date "2010.11.20"]
[Round "3"]
[White "xt"]
[Black "BishopMike"]
[Result "1/2-1/2"]
[WhiteElo "1507"]
[BlackElo "1431"]
[Opening "Sicilian defense"]
[ECO "B32"]
[Time "12:09:27"]
[TimeControl "2700+45"]

1. e4 c5 2. Nf3 Nc6 3. d4 d6 4. d5 Ne5 5. Nxe5 dxe5 6. Be3 Nf6 7. Nc3 e6 8. dxe6
Bxe6 9. Bb5+ Bd7 10. O-O Bxb5 11. Nxb5 Nxe4 12. Qxd8+ Rxd8 13. Nxa7 Be7 14. Rfe1
f6 15. Nb5 O-O 16. Rad1 Rxd1 17. Rxd1 Rd8 18. Rxd8+ Bxd8 19. f3 Ng5 20. Bxc5 Ne6
21. Bb4 Bb6+ 22. Kf1 Nf4 23. Nd6 Nd5 24. Bd2 Ne3+ 25. Bxe3 Bxe3 26. Nxb7 Kf7 27.
Ke2 Bb6 28. Nd6+ Ke6 29. Nc4 Bc7 30. Kd3 Kd5 31. Ne3+ Kc5 32. Ke4 g6 33. Nd5 f5+
34. Kd3 Kxd5 35. c4+ Kc5 36. Kc3 Ba5+ 37. Kd3 e4+ 38. fxe4 fxe4+ 39. Kxe4 Kxc4
40. h3 Bd2 41. Ke5 Bg5 42. Ke6 Bc1 43. b3+ Kb4 44. Kf6 g5 45. Kg7 h5 46. h4 gxh4
47. Kg6 Bf4 48. Kxh5 Bg3 49. a4 Ka5 50. Kg4 Kb4 51. Kh5 Bf2 52. Kg4 Kxb3 53. a5
Kb4 54. a6 Kb5 55. a7 Bxa7 56. Kxh4 Bb8 57. g4 Be5 58. Kg5 Ba1 59. Kf5 Kc5 60.
Ke6 Kd4 61. g5 Ke4 62. g6 Kf4 63. Kf7 Kg5 64. g7 Bxg7 {Game drawn because
neither player has mating material} 1/2-1/2

[Event "Team 45 45 League T47"]
[Site "Internet Chess Club"]
[Date "2010.11.20"]
[Round "3"]
[White "TheronUAL"]
[Black "CKNIGHT3"]
[Result "0-1"]
[WhiteElo "1494"]
[BlackElo "1546"]
[Opening "Sicilian: Alapin's variation (2.c3)"]
[ECO "B22"]
[Time "12:00:20"]
[TimeControl "2700+45"]

1. e4 c5 2. c3 d5 3. exd5 Qxd5 4. d4 Nc6 5. Nf3 Bg4 6. Be2 Nf6 7. O-O Rd8 8. Na3
cxd4 9. Nb5 Qd7 10. Bf4 Nd5 11. Bg3 a6 12. Nbxd4 e6 13. Nxc6 Qxc6 14. Nd4 Bxe2
15. Qxe2 Qd7 16. Rad1 Qc8 17. Rfe1 Be7 18. Nf3 O-O 19. Ne5 f6 20. Nf3 e5 21. a3
b5 22. h4 Rfe8 23. h5 Nf4 24. Bxf4 exf4 25. Qc2 Rxd1 26. Rxd1 Qg4 27. Qb3+ Kf8
28. Nd4 Bc5 29. h6 Bxd4 30. Qb4+ Kg8 31. Qxd4 g5 32. Qd5+ Kf8 33. Qd6+ Kf7 34.
Qd7+ Qxd7 35. Rxd7+ Re7 36. Rd6 Re6 37. Rd7+ Kg6 38. Kf1 Kxh6 39. Rd1 Kg6 40.
Rc1 h5 41. b3 Kf5 42. c4 Rc6 43. f3 Ke5 44. c5 Kd4 45. b4 Kd5 46. Ke2 Re6+ 47.
Kd2 Kc6 48. Rh1 h4 49. Rc1 Re3 50. Rc3 Rxc3 51. Kxc3 g4 52. fxg4 f3 53. gxf3 h3
{White resigns} 0-1

[Event "Team 45 45 League T47"]
[Site "Internet Chess Club"]
[Date "2010.11.21"]
[Round "3"]
[White "acejackace"]
[Black "randallsr"]
[Result "0-1"]
[WhiteElo "1419"]
[BlackElo "1767"]
[Opening "Réti opening"]
[ECO "A04"]
[Time "08:00:15"]
[TimeControl "2700+45"]

1. Nf3 e6 2. g3 b6 3. Bg2 Bb7 4. d3 Nf6 5. Nbd2 h6 6. e4 d6 7. O-O Nbd7 8. Re1
Rb8 9. a3 Be7 10. c3 Nh7 11. d4 O-O 12. e5 Ng5 13. h4 Nxf3+ 14. Nxf3 dxe5 15.
dxe5 c5 16. Qe2 Qc7 17. Bh3 Rbd8 18. Bf4 Bxf3 19. Qxf3 c4 20. Qg4 Kh7 21. Qe2 b5
22. Bd2 Nc5 23. f4 Rd3 24. Qg2 Rfd8 25. Rad1 Nb3 26. Re2 Qd7 27. Qe4+ g6 28. h5
Nxd2 29. Rexd2 Rxd2 30. Rxd2 Bc5+ 31. Rd4 Bxd4+ 32. cxd4 Qxd4+ 33. Qxd4 Rxd4 34.
hxg6+ Kxg6 35. Bf1 Rd2 36. b4 c3 37. Bxb5 c2 {White resigns} 0-1

[Event "Team 45 45 League T47"]
[Site "Internet Chess Club"]
[Date "2010.11.22"]
[Round "3"]
[White "Signalman"]
[Black "redarmy44"]
[Result "0-1"]
[WhiteElo "1610"]
[BlackElo "1495"]
[Opening "Bird's opening"]
[ECO "A02"]
[Time "15:06:02"]
[TimeControl "2700+45"]

1. f4 Nf6 2. Nf3 d5 3. e3 Bg4 4. Be2 e6 5. O-O Nc6 6. d4 Be7 7. b3 O-O 8. c4 Ne4
9. h3 Bh5 10. g4 Bg6 11. Qe1 Bb4 12. Nbd2 Bc3 13. Ba3 Nxd2 14. Nxd2 Bxa1 15.
Bxf8 Bb2 16. cxd5 Qxd5 17. Nc4 b5 18. Bf3 Be4 19. Bxe4 Qxe4 20. Nd2 Qd3 21. Bc5
a5 22. Rf3 a4 23. Nb1 axb3 24. a3 Na5 25. Nd2 Bc3 26. Bb4 Bxd2 27. Qxd2 Qxd2 28.
Bxd2 b2 29. Rf1 Nc4 30. Bc3 Rxa3 31. Bxb2 Nxb2 32. Rc1 Nc4 33. Kf2 Kf8 34. Re1
c6 35. h4 Ke7 36. e4 Kd6 37. h5 Nb2 38. e5+ Kd5 39. Re2 Nd3+ 40. Kf1 Ra1+ 41.
Kg2 Nxf4+ {White resigns} 0-1

[Event "Team 45 45 League T47"]
[Site "Internet Chess Club"]
[Date "2010.11.21"]
[Round "3"]
[White "rahulr"]
[Black "PANAMA-REY"]
[Result "1-0"]
[WhiteElo "1562"]
[BlackElo "1414"]
[Opening "Réti: King's Indian attack (Barcza system)"]
[ECO "A07"]
[Time "17:00:12"]
[TimeControl "2700+45"]

1. Nf3 d5 2. g3 Nc6 3. Bg2 e5 4. d3 Nf6 5. O-O Bg4 6. Nbd2 Bd6 7. c4 dxc4 8.
Nxc4 Kf8 9. Qb3 Rb8 10. Ng5 Nd4 11. Qd1 Bxe2 12. Qd2 Bxf1 13. Kxf1 h6 14. Nxd6
cxd6 15. Nf3 Nc6 16. b4 b5 17. Nh4 Rc8 18. Nf5 Ne7 19. Ne3 Rc7 20. a4 bxa4 21.
Rxa4 Qc8 22. Ba3 Nc6 23. b5 Qe6 24. bxc6 Ke7 25. Nc4 Ne8 26. Qe3 f6 27. Rxa7 Kf7
28. Nxd6+ Kg6 29. Be4+ f5 30. Bxf5+ Kf6 31. Bxe6 {Black resigns} 1-0

[Event "Team 45 45 League T47"]
[Site "Internet Chess Club"]
[Date "2010.11.20"]
[Round "3"]
[White "MikeA"]
[Black "ChristopherPace"]
[Result "0-1"]
[WhiteElo "2140"]
[BlackElo "2080"]
[Opening "Robatsch defense: two knights variation"]
[ECO "B06"]
[Time "20:46:12"]
[TimeControl "2700+45"]

1. e4 g6 2. d4 Bg7 3. Nc3 d6 4. Nf3 a6 5. Be3 b5 6. a3 Bb7 7. Bd3 Nd7 8. O-O c5
9. dxc5 Nxc5 10. Re1 Rc8 11. Qd2 Nf6 12. Bh6 O-O 13. Bxg7 Kxg7 14. Rad1 Qb6 15.
h3 Rfd8 16. b4 Ncd7 17. a4 Qc7 18. axb5 Qxc3 19. bxa6 Qxd2 20. Rxd2 Ba8 21. Rde2
Nb6 22. b5 Nfd7 23. Nd2 Ne5 24. f4 Nxd3 25. cxd3 e5 26. Rf2 f6 27. g3 Rc3 28.
Rf3 Rc5 29. Rb1 Rb8 30. fxe5 dxe5 31. Rb4 Nd7 32. d4 Rcxb5 33. Rxb5 Rxb5 34. Rc3
Kf7 35. Rc7 Ke7 36. d5 f5 37. Ra7 Rb8 38. Nc4 Kd8 39. Na5 Rc8 40. Nb7+ Bxb7 41.
axb7 Rc1+ 42. Kf2 Rb1 43. Ra8+ Kc7 {White resigns} 0-1

[Event "Team 45 45 League T47"]
[Site "Internet Chess Club"]
[Date "2010.11.19"]
[Round "3"]
[White "Hathor"]
[Black "GreatPelle"]
[Result "1-0"]
[WhiteElo "1971"]
[BlackElo "2003"]
[Opening "Polish: Outflank variation"]
[ECO "A00"]
[Time "13:00:12"]
[TimeControl "2700+45"]

1. b4 c6 2. Bb2 a5 3. b5 cxb5 4. e4 b4 5. c4 d6 6. d4 Nc6 7. f4 f5 8. d5 Na7 9.
Nd2 fxe4 10. Qh5+ g6 11. Qe2 Nf6 12. Nxe4 Kd7 13. Rc1 b6 14. Nf3 Bg7 15. Nfg5
Kc7 16. c5 bxc5 17. Nxc5 dxc5 18. Rxc5+ Kb6 19. Bd4 e5 20. Rxc8+ exd4 21. Qa6#
{Black checkmated} 1-0

[Event "Team 45 45 League T47"]
[Site "Internet Chess Club"]
[Date "2010.11.21"]
[Round "3"]
[White "CaoCao"]
[Black "gerailen0075"]
[Result "1/2-1/2"]
[WhiteElo "1891"]
[BlackElo "1791"]
[Opening "Sicilian: Taimanov (Bastrikov) variation"]
[ECO "B47"]
[Time "20:00:03"]
[TimeControl "2700+45"]

1. e4 c5 2. Nf3 e6 3. d4 cxd4 4. Nxd4 Nc6 5. Nc3 Qc7 6. Nb3 a6 7. Bd3 Nf6 8. O-O
b5 9. a3 Bb7 10. f4 h5 11. e5 Ng4 12. Qe1 Na5 13. Nxa5 Bc5+ 14. Kh1 Qxa5 15. b4
Bxb4 16. axb4 Qxa1 17. Be4 Bxe4 18. Nxe4 O-O 19. h3 Nh6 20. Qe2 Nf5 21. Be3 Qa3
22. Bc5 Rfc8 23. Rf3 Qb2 24. Qd3 a5 25. g4 hxg4 26. hxg4 axb4 27. gxf5 Ra1+ 28.
Kg2 Ra3 29. Nf6+ gxf6 30. Rg3+ Kh8 31. Rh3+ Kg8 32. Rg3+ Kh8 33. Rh3+ Kg8 34.
Rg3+ Kh8 {Game drawn by repetition} 1/2-1/2

[Event "Team 45 45 League T47"]
[Site "Internet Chess Club"]
[Date "2010.11.18"]
[Round "3"]
[White "Pablito15"]
[Black "primerpaso"]
[Result "1-0"]
[WhiteElo "1565"]
[BlackElo "1715"]
[Opening "Sicilian: Najdorf, 7...Be7 main line"]
[ECO "B99"]
[Time "20:00:42"]
[TimeControl "2700+45"]

1. e4 c5 2. Nf3 d6 3. d4 cxd4 4. Nxd4 Nf6 5. Nc3 a6 6. Bg5 e6 7. f4 Be7 8. Qf3
Qc7 9. O-O-O Nbd7 10. g4 Nc5 11. f5 b5 12. Bxf6 gxf6 13. Bg2 b4 14. Nce2 e5 15.
Nb3 Bb7 16. Nxc5 dxc5 17. Qe3 c4 18. Qh6 c3 19. Qg7 Rf8 20. Rd3 cxb2+ 21. Kxb2
Rc8 22. Rc1 Qc4 23. Ng3 a5 24. Nh5 Rc6 25. Qxh7 Rd6 26. Rxd6 Bxd6 27. Rd1 Ke7
28. Qh6 Rc8 29. Qxf6+ Ke8 30. Rc1 Rc6 31. Ng7+ Kd7 32. Bf1 Qd4+ 33. Kb1 Kc8 34.
Qxf7 b3 35. Qe8+ Kc7 36. Ne6+ Kb6 37. Nxd4 bxa2+ 38. Kxa2 exd4 39. Qd8+ {Black
resigns} 1-0

[Event "Team 45 45 League T47"]
[Site "Internet Chess Club"]
[Date "2010.11.18"]
[Round "3"]
[White "PandorasBox"]
[Black "theophilus"]
[Result "0-1"]
[WhiteElo "1945"]
[BlackElo "2232"]
[Opening "English: Neo-Catalan declined"]
[ECO "A14"]
[Time "19:31:07"]
[TimeControl "2700+45"]

1. c4 e6 2. g3 d5 3. Bg2 Nf6 4. Nf3 Be7 5. O-O O-O 6. Qc2 c5 7. d4 Nc6 8. cxd5
Nb4 9. Qb3 Nbxd5 10. dxc5 Bxc5 11. Bg5 Qb6 12. Qxb6 Bxb6 13. a3 h6 14. Bxf6 Nxf6
15. Nc3 Bd7 16. e3 Bc6 17. Nh4 Bxg2 18. Nxg2 Rfd8 19. Rfd1 Kf8 20. Nf4 Ke7 21.
Kf1 a6 22. h3 g5 23. Nfe2 g4 24. hxg4 Nxg4 25. Kg2 Rxd1 26. Rxd1 Bxe3 27. fxe3
Nxe3+ 28. Kf3 Nxd1 29. Nxd1 Rd8 30. Nec3 Rd3+ 31. Kf2 f5 32. Kg2 Kf6 33. Kf2 Kg5
34. Kg2 e5 35. Kf2 e4 36. Kg2 b5 37. Kh3 e3 {White resigns} 0-1

[Event "Team 45 45 League T47"]
[Site "Internet Chess Club"]
[Date "2010.11.20"]
[Round "3"]
[White "chess92192"]
[Black "Deckfuel"]
[Result "0-1"]
[WhiteElo "2036"]
[BlackElo "2046"]
[Opening "QGD: Chigorin defense"]
[ECO "D07"]
[Time "15:00:40"]
[TimeControl "2700+45"]

1. d4 d5 2. c4 Nc6 3. Nc3 dxc4 4. e3 e5 5. d5 Na5 6. Nf3 Bd6 7. Qa4+ c6 8. dxc6
Nxc6 9. Bxc4 Nf6 10. O-O O-O 11. Ng5 Qe7 12. Rd1 Bc7 13. b3 e4 14. Nxf7 Rxf7 15.
Bxf7+ Kxf7 16. g3 Ne5 17. Nxe4 Nf3+ 18. Kg2 Qxe4 19. Qxe4 Nxe4 20. Kxf3 Bg4+ 21.
Kxe4 Bxd1 22. Bb2 Re8+ 23. Kd3 Bf3 24. Rc1 Bb6 25. Rc4 Rd8+ 26. Kc2 Bc6 27. Rf4+
Kg8 28. h4 h5 29. Bc3 Rf8 30. Rxf8+ Kxf8 31. Kd3 Bf3 32. b4 g6 33. a4 a6 34. a5
Bc7 35. e4 Ke7 36. Ke3 Bd1 37. f4 Ke6 38. Bd4 Bg4 39. Kd3 Kd6 40. Bc5+ Kc6 41.
Kd4 Bd6 42. Bb6 Bxb4 43. Ke5 Bc3+ 44. Bd4 Bxd4+ 45. Kxd4 Kd6 46. Kc4 Be2+ 47.
Kd4 Ke6 48. Ke3 Bg4 49. Kd3 Kd6 50. Kd4 Be6 51. Kc3 Kc5 52. Kd3 Bc4+ 53. Kc3 Bf1
54. Kd2 Kd4 55. e5 Bh3 56. Ke2 Ke4 57. Kf2 Bg4 58. Kg2 Ke3 59. Kg1 Kf3 60. Kh2
Kf2 61. f5 Bxf5 {White resigns} 0-1

[Event "Team 45 45 League T47"]
[Site "Internet Chess Club"]
[Date "2010.11.20"]
[Round "3"]
[White "alexdb"]
[Black "hewdondada"]
[Result "1/2-1/2"]
[WhiteElo "1937"]
[BlackElo "1853"]
[Opening "Scandinavian, Mieses-Kotrc gambit"]
[ECO "B01"]
[Time "13:16:29"]
[TimeControl "2700+45"]

1. e4 d5 2. exd5 Qxd5 3. Nc3 Qa5 4. b4 Qe5+ 5. Be2 c6 6. Nf3 Qc7 7. O-O Nf6 8.
d4 g6 9. Rb1 Bg7 10. Re1 O-O 11. Ne5 Be6 12. Bf4 Qc8 13. Na4 Nbd7 14. c4 Nxe5
15. dxe5 Nd7 16. Bd3 Nb6 17. Qc2 Rd8 18. Nc5 Bf5 19. e6 Bxd3 20. exf7+ Kxf7 21.
Nxd3 Qf5 22. Re3 Bf6 23. Rf3 Rxd3 24. Qxd3 Qxd3 25. Rxd3 Nxc4 26. a4 Nb6 27. a5
Nd5 28. Bd2 a6 29. g3 Rd8 30. Be3 Rd7 31. h4 Ke6 32. Re1 Kf7 33. Bc5 Kf8 34. Re6
Kf7 35. Re4 Kg7 36. Bd4 Kf7 37. Bxf6 exf6 38. f3 Rd8 39. Kf2 Kf8 40. g4 Kf7 41.
f4 h6 42. Kf3 Rh8 43. f5 g5 44. h5 Rf8 45. Rdd4 Rd8 46. Re6 Rc8 47. Rd6 Ke7 48.
Re6+ Kf7 49. Rde4 Rd8 50. Rd4 Rd7 51. Ke4 Rd8 52. Kf3 Rd7 53. Rd3 Rd8 54. Re1
Ra8 55. Rc1 Ra7 56. Rxd5 cxd5 57. Rd1 Ra8 58. Rxd5 Re8 59. b5 axb5 60. Rxb5 Re7
61. Rb3 Kg7 62. Re3 Rc7 63. Rb3 Re7 64. Re3 Rc7 65. Ke2 Kf7 66. Rb3 Ke7 67. Kd3
Kd6 68. Rb6+ Ke5 69. Re6+ Kf4 70. Rxf6 Kxg4 71. Rxh6 Kxf5 72. Rg6 {Game drawn by
mutual agreement} 1/2-1/2